 Dungeon Crawl Stone Soup version 0.17.1-3-g152610e (webtiles) character file.

637 kaze the Ducker (level 7, -3/102 HPs)
             Began as a Troll Berserker on Feb 23, 2016.
             Was a Believer of Trog.
             Slain by a worker ant (6 damage)
             ... on level 4 of the Dungeon.
             The game lasted 00:05:49 (1562 turns).

kaze the Ducker (Troll Berserker)                   Turns: 1562, Time: 00:05:50

Health: -3/102     AC:  6    Str: 33    XL:     7   Next: 25%
Magic:  6/6        EV: 11    Int:  3    God:    Trog [**....]
Gold:   163        SH:  0    Dex:  9    Spells: 0 memorised, 6 levels left

rFire  . . .     SeeInvis .     f - +3 quarterstaff (chaos)
rCold  . . .     Clarity  .     a - +0 animal skin
rNeg   . . .     SustAt   .     (shield currently unavailable)
rPois  .         Gourm    +     (helmet restricted)
rElec  .         Spirit   .     g - +0 cloak
rCorr  .         Warding  .     (gloves unavailable)
rMut   .         Stasis   .     (boots unavailable)
MR     .....                    (no amulet)
Stlth  ..........               (no ring)
                                (no ring)

@: berserking, lethally poisoned (-3 -> -4), very quick, not resistant to
hostile enchantments, extremely unstealthy
A: unfitting armour, claws 3, fast metabolism 3, gourmand, regeneration 2,
shaggy fur 1, tough skin 2
a: Berserk, Trog's Hand, Burn Spellbooks, Renounce Religion


You were on level 4 of the Dungeon.
You worshipped Trog.
Trog was pleased with you.
You were not hungry.

You visited 1 branch of the dungeon, and saw 4 of its levels.

You collected 163 gold pieces.

Inventory:

Hand Weapons
 f - a +3 quarterstaff of chaos (weapon)
Armour
 a - a +0 animal skin (worn)
 g - a +0 cloak (worn)
Scrolls
 j - a scroll of teleportation {unknown}
 l - 3 scrolls of identify {unknown}
 m - a scroll of random uselessness {unknown}
Potions
 c - a potion of might {unknown}
 d - a potion of haste {unknown}
 e - 2 potions of invisibility {unknown}
 i - a potion of lignification {unknown}
 k - a potion of poison {unknown}
 n - a potion of curing {unknown}
Comestibles
 b - 6 bread rations
 h - 2 meat rations


   Skills:
 + Level 3.9 Fighting
 + Level 2.7 Staves
 + Level 4.9 Dodging
 + Level 0.6 Stealth
 + Level 3.8 Unarmed Combat


You had 6 spell levels left.
You didn't know any spells.

Dungeon Overview and Level Annotations

Branches:
Dungeon (4/15)
 Temple: D:4-7

Altars:
Trog

Annotations:
D:4 Duvessa, Sigmund


Innate Abilities, Weirdness & Mutations

You are too large for most types of armour.
You have claws for hands.
Your metabolism is lightning-fast.
You like to eat raw meat.
You heal very quickly.
You are covered in fur (AC +1).
You have very tough skin (AC +2).


Message History

The worker ant bites you but does no damage.
Duvessa hits you with a short sword!
* * * LOW HITPOINT WARNING * * *
You closely miss Duvessa.
Duvessa is lightly wounded.
Sigmund casts a spell.
Sigmund flickers and vanishes!
Deactivating autopickup; reactivate with Ctrl-A.
The worker ant bites you but does no damage.
Duvessa completely misses you.
You hit Duvessa.
Duvessa seems to slow down.
Duvessa is lightly wounded.
The worker ant bites you.
* * * LOW HITPOINT WARNING * * *
You are poisoned.
The worker ant poisons you! Duvessa barely misses you.
You hit Duvessa. You drain Duvessa!
Duvessa is moderately wounded.
You feel sick. The worker ant bites you.
You die...

..#.#..#. .##...##
..##.......... .#....#
##............. #.......
...............
...#.###. #.............
#..#.# .#.............
..##.####...............
...#.#....##....ea......
................@.......
.....####.##........#...
...#.# #.###.##..###
..##.# #..##.....##
.###.# #.#.......## ##
#.# #..........# # #.#
#..........# # #.#
#...........# # #.##
#..#..........


You could see Duvessa (berserk) and a worker ant.

Vanquished Creatures
  The ghost of F1L1N the Ruffian, a novice GrMo (D:4)
  2 ogres (D:4)
  Dowan (D:4)
  Crazy Yiuf (D:2)
  An orc wizard (D:4)
  A worker ant (D:4)
  2 adders
  A worm (D:4)
  A giant gecko (D:3)
  11 orcs
  6 hobgoblins
  3 jackals (D:1)
  3 kobolds (D:3)
  4 quokkas
  2 bats
  5 giant cockroaches
  A giant gecko skeleton (D:4)
  2 giant newts
  7 goblins
  A rat (D:2)
56 creatures vanquished.

Notes
Turn   | Place    | Note
--------------------------------------------------------------
     0 | D:1      | kaze the Troll Berserker began the quest for the Orb.
     0 | D:1      | Reached XP level 1. HP: 22/22 MP: 0/0
    88 | D:1      | Reached XP level 2. HP: 22/29 MP: 1/1
   101 | D:1      | You fall through a shaft!
   135 | D:2      | Noticed Crazy Yiuf
   144 | D:2      | Killed Crazy Yiuf
   144 | D:2      | Reached XP level 3. HP: 21/36 MP: 2/2
   536 | D:3      | Reached ** piety under Trog
   594 | D:3      | Reached XP level 4. HP: 30/44 MP: 3/3
  1118 | D:4      | Noticed F1L1N's ghost (novice GrMo)
  1135 | D:4      | Killed F1L1N's ghost
  1135 | D:4      | Reached skill level 4 in Dodging
  1135 | D:4      | Reached XP level 5. HP: 10/53 MP: 4/4
  1135 | D:4      | Reached XP level 6. HP: 11/61 MP: 5/5
  1294 | D:4      | Noticed an ogre
  1303 | D:4      | Noticed Dowan
  1305 | D:4      | Killed an ogre
  1305 | D:4      | Reached XP level 7. HP: 15/68 MP: 6/6
  1306 | D:4      | Noticed Duvessa
  1338 | D:4      | Killed Dowan
  1443 | D:4      | Found a bloodstained altar of Trog.
  1556 | D:4      | Noticed Sigmund
  1559 | D:4      | HP: 4/102 [Duvessa/short sword (12)]
  1562 | D:4      | Slain by a worker ant

Action                   |  1- 3 |  4- 6 |  7- 9 || total
-------------------------+-------+-------+-------++-------
Melee: Unarmed           |    22 |       |       ||    22
       Quarterstaff      |    43 |    62 |    25 ||   130
Invok: Berserk           |     1 |     3 |     1 ||     5
       Trog's Hand       |       |       |     1 ||     1
 Stab: Paralysed         |       |       |     1 ||     1
  Eat: Chunk             |    12 |     8 |       ||    20
